 Dungeon Crawl Stone Soup version 0.26-a0-854-gdc81c2f471 (webtiles) character file.

Game seed: 2926748165007630851

77 iamoutofideas the Ruffian (level 4, -1/41 HPs)
             Began as a Troll Hunter on Nov 23, 2020.
             Slain by an orc
             ... wielding a +0 trident
              (10 damage)
             ... on level 3 of the Dungeon.
             The game lasted 00:01:18 (1412 turns).

iamoutofideas the Ruffian (Troll Hunter)            Turns: 1412, Time: 00:01:19

Health: -1/41      AC:  6    Str: 21    XL:     4   Next: 14%
Magic:  3/3        EV: 10    Int:  7    God:
Gold:   116        SH:  0    Dex: 10    Spells: 3/3 levels left

rFire    + . .     SeeInvis .     - Unarmed
rCold    x . .     Faith    .   (no shield)
rNeg     . . .     Spirit   .   o - +0 robe (curse)
rPois    .         Reflect  .   (helmet restricted)
rElec    .         Harm     .   (no cloak)
rCorr    .         Rampage  .   (gloves unavailable)
MR       .....                  (boots unavailable)
Stlth    +.........             (no amulet)
HPRegen  0.53/turn              a - ring of fire
MPRegen  0.08/turn              (no ring)

@: no status effects
A: large, unfitting armour, claws 3, regeneration 1, shaggy fur 1, tough skin 3
a: no special abilities


You were on level 3 of the Dungeon.
You visited 1 branch of the dungeon, and saw 3 of its levels.

You collected 116 gold pieces.

Inventory:

Missiles
 c - 5 large rocks (quivered)
 d - 2 throwing nets
Armour
 b - a +0 robe
 o - a cursed +0 robe (worn)
Jewellery
 a - a ring of fire (left claw)
 n - a +4 ring of evasion {unknown}
Scrolls
 e - 6 scrolls of remove curse {unknown}
 h - a scroll of blinking {unknown}
 i - 2 scrolls of identify {unknown}
 j - a scroll of random uselessness {unknown}
 m - a scroll of enchant armour {unknown}
 p - 2 scrolls of amnesia {unknown}
Potions
 f - a potion of ambrosia {unknown}
 g - 3 potions of lignification {unknown}
 k - a potion of brilliance {unknown}
 l - a potion of flight {unknown}
 q - 2 potions of degeneration {unknown}
 r - a potion of might {unknown}
 s - a potion of invisibility {unknown}
 t - a potion of resistance {unknown}


   Skills:
 - Level 1.5 Fighting
 - Level 3.6 Throwing
 - Level 1.5 Dodging
 - Level 0.3 Stealth
 + Level 3.8 Unarmed Combat


You had 3 spell levels left.
You didn't know any spells.
Your spell library was empty.

Dungeon Overview and Level Annotations

Branches:
Dungeon (3/15)

Altars:
Xom

Annotations:
D:3 Grinder


Innate Abilities, Weirdness & Mutations

You are too large for most types of armour.
You have claws for hands.
Your natural rate of healing is unusually fast.
You are covered in fur. (AC +1)
You have extremely tough skin. (AC +3)


Message History

There is an open door here.
The orc wizard hits you with a +0 dagger.
You scratch the orc wizard.
The orc wizard is lightly wounded.
The orc wizard looks encouraged for a moment.
The orc hits you from afar with a +0 trident.
You scratch the orc wizard.
The orc wizard is moderately wounded.
The orc hits you from afar with a +0 trident.
The goblin hits you but does no damage.
The orc wizard hits you with a +0 dagger.
The orc wizard barely misses you. The orc hits you with a +0 trident!
* * * LOW HITPOINT WARNING * * *
There is an open door, spattered with blood here.
You completely miss the orc.
The orc wizard gestures at you while chanting.
The puff of flame hits you. You resist.
* * * LOW HITPOINT WARNING * * *
The goblin misses you. The orc hits you with a +0 trident!
You die...

#........ #.......
##....... # # .........
.#.#.
........###########..#.#.
..............#.#.#.#.#.#
##.[!...####o....#.#.#o#.
.......g@oroo.o.#.#.#o#.#
.......o####o5...#.#r#.#.
..####### ####.#.#.#.#.#
#.#.#.#.#.# ##.#.#.#.#
#.#.#§#.#§# ##.#.#†#.#?#
#.#.#.#.#.#. ##.#.#.#.#.#


You could see Grinder, an orc wizard (fast), 6 orcs, a goblin and a rat.

Vanquished Creatures
  3 gnolls (D:3)
  2 worms
  3 dart slugs
  6 goblins
  4 hobgoblins (D:2)
  4 jackals (D:1)
  5 bats
  3 frilled lizards
  3 kobolds
  5 rats
38 creatures vanquished.

Notes
Turn   | Place    | Note
-------+----------+-------------------------------------------
     0 | D:1      | iamoutofideas the Troll Hunter began the quest for the Orb.
     0 | D:1      | Reached XP level 1. HP: 19/19 MP: 0/0
    56 | D:1      | Reached skill level 1 in Unarmed Combat
   224 | D:1      | Reached XP level 2. HP: 26/27 MP: 1/1
   667 | D:2      | Reached XP level 3. HP: 32/33 MP: 2/2
   864 | D:2      | Found a shimmering altar of Xom.
  1145 | D:3      | Reached XP level 4. HP: 23/41 MP: 3/3
  1383 | D:3      | Noticed Grinder
  1389 | D:3      | Paralysed by Grinder for 7 turns
  1412 | D:3      | Slain by an orc

Illustrated notes

Levels and vault maps discovered:
D:1:      tarquinn_simple_flora_water_f, layout_rooms
D:2:      layout_loops_cross, xom_teletrap_fun
D:3:      layout_basic, kennysheep_nub, uniq_grinder

Skill      XL: |  1  2  3 |
---------------+----------+-----
Unarmed Combat | 1 2 3 |  3.8
Fighting       | |  1.5
Throwing       | |  3.6
Dodging        | |  1.5
Stealth        | |  0.3

Action                   |  1- 3 |  4- 6 || total
-------------------------+-------+-------++-------
Melee: Unarmed           |   103 |    15 ||   118
Armor: Robe              |    43 |     7 ||    50
Dodge: Dodged            |    67 |     5 ||    72

Table legend: (Time is in decaauts)
 A = Elapsed time spent in this place.
 B = Non-inter-level travel time spent in this place.
 C = Inter-level travel time spent in this place.
 D = Time resting spent in this place.
 E = Time spent auto-exploring this place.
 F = Levels seen in this place.
 G = Mean time per level.
                   A        B        C        D        E       F      G
               +--------+--------+--------+--------+--------+-----+--------+
         Total |   1406 |   1353 |     53 |    167 |    908 |   3 |  468.7 |
       Dungeon |   1406 |   1353 |     53 |    167 |    908 |   3 |  468.7 |
               +--------+--------+--------+--------+--------+-----+--------+

Top non-repeatable levels by time:
     D:2: 561 daAuts
     D:1: 540 daAuts
     D:3: 303 daAuts
